[Event "Titled Tuesday Blitz March 14 Late 2023"]
[White "Mazurkiewicz, Michal"]
[Black "Diaz Perez, Michel Alejandro"]
[WhiteFideId "1124943"]
[BlackFideId "3517179"]
[WhiteElo "2054"]
[BlackElo "2333"]
[Result "0-1"]
[Round "10"]
[TimeControl "180+2"]
[Date "2023.03.14"]
[WhiteClock "0:00:03"]
[BlackClock "0:00:32"]

1. e4 d5 2. exd5 Nf6 3. Nf3 Nxd5 4. d4 Bg4 5. Be2 e6 6. O-O Be7 7. h3 Bh5 8. c4 Nb6 9. Be3 c6 10. Qb3 Qc7 11. a4 O-O 12. a5 N6d7 13. Nc3 Nf6 14. g4 Bg6 15. Ne5 Nbd7 16. Nxg6 hxg6 17. Bf3 Bd6 18. Ne2 e5 19. d5 e4 20. Bg2 c5 21. Nc3 a6 22. Nxe4 Nxe4 23. Bxe4 Nf6 24. Bf3 Rae8 25. Qd3 Nd7 26. Bg2 Re7 27. Rfe1 Rfe8 28. Bd2 Ne5 29. Qc2 Nd7 30. Rxe7 Rxe7 31. Re1 Rxe1+ 32. Bxe1 Bh2+ 33. Kh1 Be5 34. b3 Qd6 35. Bc3 Bxc3 36. Qxc3 Ne5 37. Qg3 g5 38. Qe3 f6 39. f4 gxf4 40. Qxf4 Nf7 41. Qe3 Kf8 42. b4 cxb4 43. c5 Qe5 44. Qg1 b3 45. d6 Nd8 46. Qd1 b2 47. Bxb7 Nxb7 48. c6 Qxd6 0-1


[Site "https://www.chess.com"]

[Event "Titled Tuesday Blitz March 14 Late 2023"]
[White "Escalona Landi, Samid Eduardo"]
[Black "Kurtz, Eric M"]
[WhiteFideId "3937437"]
[BlackFideId "30939763"]
[WhiteElo "2207"]
[BlackElo "2582"]
[Result "0-1"]
[Round "10"]
[TimeControl "180+2"]
[Date "2023.03.14"]
[WhiteClock "0:00:02"]
[BlackClock "0:00:44"]

1. e4 d6 2. d4 Nf6 3. Nc3 g6 4. Nf3 Bg7 5. Be2 O-O 6. O-O c6 7. a4 Qc7 8. a5 Nbd7 9. h3 Rb8 10. Be3 b5 11. axb6 axb6 12. d5 b5 13. dxc6 Qxc6 14. Nd5 Nxd5 15. exd5 Qc7 16. Nd4 Bxd4 17. Bxd4 Nf6 18. Bf3 Bf5 19. c3 b4 20. Re1 bxc3 21. bxc3 Ra8 22. Qd2 Rfb8 23. Rxa8 Rxa8 24. Qg5 Qd8 25. Qe3 Kf8 26. Qh6+ Kg8 27. g4 Bd3 28. Qe3 Bc4 29. Qh6 Qf8 30. Qg5 Qd8 31. Rd1 Bb3 32. Rd2 Ra5 33. Be3 Qc7 34. Rd3 Bc4 35. Rd2 Bb3 36. Rd3 Bc2 37. Rd2 Qxc3 38. Kh2 Be4 39. Bd4 Qxf3 0-1


[Site "https://www.chess.com"]

[Event "Titled Tuesday Blitz March 14 Late 2023"]
[White "Ismagilov, Damir"]
[Black "Pakleza, Zbigniew"]
[WhiteFideId "34199982"]
[BlackFideId "1119290"]
[WhiteElo "2078"]
[BlackElo "2410"]
[Result "0-1"]
[Round "10"]
[TimeControl "180+2"]
[Date "2023.03.14"]
[WhiteClock "0:00:02"]
[BlackClock "0:00:55"]

1. d4 d6 2. Nf3 Bg4 3. Nbd2 Nf6 4. e4 e6 5. Bd3 Be7 6. O-O d5 7. e5 Nfd7 8. h3 Bh5 9. c3 c5 10. Re1 Nc6 11. Be2 O-O 12. a3 Qb6 13. b4 cxd4 14. cxd4 Rfc8 15. Bb2 Bg6 16. Rc1 a5 17. b5 Na7 18. a4 Qd8 19. Qb3 Nb6 20. Ba3 h6 21. Bc5 Nd7 22. Bxe7 Qxe7 23. g4 Nb6 24. Nf1 Qb4 25. Qe3 Nxa4 26. Nh4 Bh7 27. g5 Rc3 28. Qf4 hxg5 29. Qxg5 Rac8 30. Rxc3 Nxc3 0-1


[Site "https://www.chess.com"]

[Event "Titled Tuesday Blitz March 14 Late 2023"]
[White "Estrada Nieto, Julian"]
[Black "Larino Nieto, David"]
[WhiteFideId "5101018"]
[BlackFideId "2256444"]
[WhiteElo "2176"]
[BlackElo "2506"]
[Result "0-1"]
[Round "10"]
[TimeControl "180+2"]
[Date "2023.03.14"]
[WhiteClock "0:00:15"]
[BlackClock "0:01:04"]

1. e4 d5 2. exd5 Qxd5 3. Nc3 Qa5 4. d4 Nf6 5. Nf3 Nc6 6. Bb5 Ne4 7. O-O Nxc3 8. Bxc6+ bxc6 9. bxc3 Bg4 10. h3 Qxc3 11. hxg4 Qxa1 12. Qd3 Qxa2 13. c4 e6 14. Ne5 Bd6 15. Qe4 O-O 16. Nd7 Qxc4 17. Nxf8 Rxf8 18. Be3 Qd5 19. Qc2 a5 20. Ra1 Ra8 21. Ra4 Qb5 22. g5 Rb8 23. Rc4 Qb1+ 24. Qxb1 Rxb1+ 0-1


[Site "https://www.chess.com"]

[Event "Titled Tuesday Blitz March 14 Late 2023"]
[White "Ezat, Mohamed"]
[Black "Manelyuk, Daniil"]
[WhiteFideId "10600906"]
[BlackFideId "44173920"]
[WhiteElo "2386"]
[BlackElo "2259"]
[Result "1-0"]
[Round "10"]
[TimeControl "180+2"]
[Date "2023.03.14"]
[WhiteClock "0:02:14"]
[BlackClock "0:00:01"]

1. e4 e6 2. Nf3 d5 3. exd5 Qxd5 4. d4 Nf6 5. Nc3 Qd8 6. a3 Bd6 7. Bd3 O-O 8. Qe2 b6 9. Bg5 Bb7 10. O-O-O Nbd7 11. Ne5 Qe7 12. Nxd7 Qxd7 13. Bxf6 gxf6 14. Bxh7+ Kxh7 15. Qh5+ Kg7 16. Qg4+ Kh7 17. Rd3 Bxg2 18. Rh3+ Bxh3 19. Qxh3+ Kg6 20. Rg1+ Bg3 21. Rxg3# 1-0


[Site "https://www.chess.com"]

[Event "Titled Tuesday Blitz March 14 Late 2023"]
[White "Golubev, Mikhail"]
[Black "Papasimakopoulos, Alexandros"]
[WhiteFideId "14100983"]
[BlackFideId "4244125"]
[WhiteElo "2374"]
[BlackElo "2359"]
[Result "0-1"]
[Round "10"]
[TimeControl "180+2"]
[Date "2023.03.14"]
[WhiteClock "0:00:01"]
[BlackClock "0:00:40"]

1. e4 e6 2. d4 d5 3. Nc3 Bb4 4. e5 c5 5. a3 Bxc3+ 6. bxc3 Nc6 7. Nf3 Bd7 8. a4 Qa5 9. Bd2 Nge7 10. Bb5 a6 11. Be2 c4 12. O-O f6 13. exf6 gxf6 14. Re1 O-O-O 15. Bf1 Ng6 16. g3 e5 17. dxe5 fxe5 18. Bg2 Rhg8 19. Ng5 Rg7 20. Qh5 Rf8 21. Qh6 Rfg8 22. Nxh7 Rf7 23. Bg5 Qb6 24. Nf6 Rgg7 25. Be3 d4 26. cxd4 exd4 27. Nxd7 Kxd7 28. Bxc6+ Kxc6 29. Rab1 Qc5 30. Bc1 Qf5 31. Bf4 Rh7 32. Qg5 Nxf4 33. Qxf5 Rxf5 34. gxf4 Rxf4 35. Re6+ Kd5 36. Reb6 Rg7+ 37. Kf1 Rgf7 38. Rxb7 Rxf2+ 39. Kg1 Rxb7 40. Rxb7 Rxc2 41. Ra7 d3 42. Kf1 Rxh2 0-1


[Site "https://www.chess.com"]

[Event "Titled Tuesday Blitz March 14 Late 2023"]
[White "Roebers, Eline"]
[Black "Piesik, Piotr"]
[WhiteFideId "1058401"]
[BlackFideId "1136194"]
[WhiteElo "2543"]
[BlackElo "2311"]
[Result "0-1"]
[Round "10"]
[TimeControl "180+2"]
[Date "2023.03.14"]
[WhiteClock "0:00:01"]
[BlackClock "0:01:26"]

1. e4 g6 2. d4 Bg7 3. f4 c6 4. h3 d5 5. e5 h5 6. g3 Nh6 7. Be3 Nf5 8. Bf2 b6 9. Nf3 Ba6 10. Bxa6 Nxa6 11. c4 dxc4 12. Qa4 Qd5 13. Nbd2 Nc7 14. Qxc4 Qxc4 15. Nxc4 Nd5 16. h4 e6 17. Rc1 Bf8 18. a3 Be7 19. Ke2 O-O 20. Nfd2 Rfd8 21. Ne4 Nc7 22. Rhd1 Nb5 23. Ncd6 Nbxd6 24. exd6 Nxd6 25. Nd2 Rac8 26. Rc2 Nf5 27. Nf3 Bf6 28. Rdc1 Rd6 29. b4 Kf8 30. b5 Ne7 31. Ne5 Bxe5 32. dxe5 Rd7 33. bxc6 Rdc7 34. a4 Rxc6 35. Rxc6 Rxc6 36. Rb1 Nd5 37. Rb3 a5 38. Kd2 Ke8 39. Bd4 Kd7 40. Rb5 Kc7 41. Kd3 Rc1 42. Rb2 Kc6 43. Ke4 Rc4 44. Kd3 Rxa4 45. Rc2+ Kb7 46. Rb2 Ra3+ 47. Ke4 Rxg3 48. Rb5 Rg4 0-1


[Site "https://www.chess.com"]

[Event "Titled Tuesday Blitz March 14 Late 2023"]
[White "Thomforde-Toates, Noah"]
[Black "Quinones Garcia, Santiago"]
[WhiteFideId "30951992"]
[BlackFideId "4408497"]
[WhiteElo "2629"]
[BlackElo "2263"]
[Result "0-1"]
[Round "10"]
[TimeControl "180+2"]
[Date "2023.03.14"]
[WhiteClock "0:00:16"]
[BlackClock "0:01:07"]

1. c4 Nf6 2. Nf3 g6 3. g3 Bg7 4. Bg2 O-O 5. O-O d6 6. Nc3 c6 7. d4 Qa5 8. Ne1 Qh5 9. e4 Bg4 10. f3 Bh3 11. g4 Qh4 12. Ne2 g5 13. Bxh3 Qxh3 14. Bxg5 Nxg4 15. fxg4 Qxg4+ 16. Ng3 Qxg5 17. Rf5 Qe3+ 18. Kg2 Qxd4 19. Qg4 Qxb2+ 20. Kh3 Qxa1 21. e5 Kh8 22. Nf3 Nd7 23. Rh5 Nxe5 24. Rxh7+ Kxh7 25. Qh5+ Kg8 26. Ng5 Qb1 27. N3e4 Qf1+ 28. Kg3 Qf5 0-1


[Site "https://www.chess.com"]

[Event "Titled Tuesday Blitz March 14 Late 2023"]
[White "Filgueira, Hernan"]
[Black "Kozin, Yuri"]
[WhiteFideId "101770"]
[BlackFideId "4129920"]
[WhiteElo "2363"]
[BlackElo "2518"]
[Result "1-0"]
[Round "10"]
[TimeControl "180+2"]
[Date "2023.03.14"]
[WhiteClock "0:01:38"]
[BlackClock "0:01:29"]

1. c4 c5 2. Nf3 Nf6 3. g3 e6 4. d4 cxd4 5. Nxd4 d6 6. Bg2 a6 7. O-O Be7 8. Nc3 Qc7 9. b3 O-O 10. Bb2 Nbd7 11. Rc1 Ne5 12. e3 Bd7 13. Qe2 Rac8 14. f4 Ng6 15. f5 Ne5 16. fxe6 fxe6 17. Bh3 Qb6 18. Bxe6+ Kh8 19. Bxd7 Nexd7 20. Ne6 Rfe8 21. Nd5 Qa7 22. Nxg7 Kxg7 23. Qg4+ Kh8 24. Qxd7 1-0


[Site "https://www.chess.com"]

[Event "Titled Tuesday Blitz March 14 Late 2023"]
[White "Chor, Kevin"]
[Black "Sonnenschein, Philipp"]
[WhiteFideId "2090740"]
[BlackFideId "16250877"]
[WhiteElo "2608"]
[BlackElo "2224"]
[Result "0-1"]
[Round "10"]
[TimeControl "180+2"]
[Date "2023.03.14"]
[WhiteClock "0:00:05"]
[BlackClock "0:00:29"]

1. e4 c6 2. d4 d5 3. exd5 cxd5 4. c4 Nf6 5. Nc3 g6 6. Nf3 Bg7 7. cxd5 O-O 8. Be2 Nxd5 9. O-O Nc6 10. Qb3 Nxc3 11. bxc3 b6 12. Bf4 Be6 13. Qb5 Rc8 14. Rfd1 Qd5 15. Qa4 Na5 16. Qa3 Bf6 17. Ne5 Qe4 18. Be3 Qc2 19. Ba6 Rxc3 20. Qb4 Nc6 21. Nxc6 Rxc6 22. Rac1 Qe4 23. Rxc6 Qxc6 24. Bb5 Qe4 25. Qa3 Bd5 26. Bf1 a5 27. Qb2 Rb8 28. Rc1 Kg7 29. a3 b5 30. Qc3 b4 31. axb4 axb4 32. Qc7 Rb7 33. Qc8 b3 34. Qh3 h5 35. Qc8 b2 36. Re1 b1=Q 37. Rxb1 Rxb1 0-1


[Site "https://www.chess.com"]

[Event "Titled Tuesday Blitz March 14 Late 2023"]
[White "Ambartsumova, Karina"]
[Black "Szente Varga, Fruzsina"]
[WhiteFideId "4166299"]
[BlackFideId "712264"]
[WhiteElo "2300"]
[BlackElo "1994"]
[Result "1-0"]
[Round "10"]
[TimeControl "180+2"]
[Date "2023.03.14"]
[WhiteClock "0:00:12"]
[BlackClock "0:00:10"]

1. c4 e5 2. Nc3 Nc6 3. Nf3 f5 4. d4 e4 5. Ng5 Be7 6. Nh3 Bf6 7. d5 Ne5 8. e3 d6 9. Nf4 Ne7 10. Be2 O-O 11. Nb5 g5 12. Nh5 Bh8 13. h4 g4 14. Nd4 N7g6 15. g3 c5 16. Nc2 Qe7 17. Nf4 Nxf4 18. gxf4 Nf7 19. Rb1 Bd7 20. Bd2 Rab8 21. Bc3 b5 22. Bxh8 Kxh8 23. cxb5 Bxb5 24. Na3 Bxe2 25. Qxe2 Qf6 26. Nc4 Rb4 27. b3 Rfb8 28. Rc1 Qg7 29. Kf1 h5 30. Kg2 Qf6 31. Kg3 Kh7 32. Rhd1 Nh8 33. Qb2 Qe7 34. Rh1 Ng6 35. Qc3 R8b7 36. Na5 Qd8 37. Nxb7 Rxb7 38. a3 Qb8 39. Rb1 Rb5 40. b4 Qc7 41. bxc5 Rxc5 42. Qf6 Qe7 43. Qxe7+ Nxe7 44. Rb7 1-0


[Site "https://www.chess.com"]

[Event "Titled Tuesday Blitz March 14 Late 2023"]
[White "Fiorito, Joaquin"]
[Black "Fan_Of_Chucky"]
[WhiteFideId "180173"]
[WhiteElo "2157"]
[BlackElo "2360"]
[Result "1-0"]
[Round "10"]
[TimeControl "180+2"]
[Date "2023.03.14"]
[WhiteClock "0:00:58"]
[BlackClock "0:00:05"]

1. d4 Nf6 2. Nc3 c5 3. d5 e6 4. e4 d6 5. Nf3 exd5 6. exd5 Be7 7. Bd3 O-O 8. O-O Bg4 9. h3 Bh5 10. Bf4 a6 11. a4 Bxf3 12. Qxf3 Nbd7 13. Rfe1 g6 14. Re2 Re8 15. Rae1 Bf8 16. Bg5 Rxe2 17. Rxe2 h6 18. Bh4 Bg7 19. Bg3 Qc7 20. Re1 Re8 21. Rxe8+ Nxe8 22. Ne4 Bxb2 23. c3 Bc1 24. Qe2 Kg7 25. Qe1 c4 26. Bc2 Ba3 27. h4 h5 28. Ng5 Nef6 29. Qe7 Kh8 30. Nxf7+ Kg8 31. Nh6+ Kh8 32. Bxg6 Qc8 33. Nf7+ Kg8 34. Nxd6 Qf8 35. Qe6+ Kh8 36. Nxc4 Qg8 37. Qxg8+ Kxg8 38. Nxa3 Kg7 39. Bf5 Nc5 40. Be5 1-0


[Site "https://www.chess.com"]

[Event "Titled Tuesday Blitz March 14 Late 2023"]
[White "Gatterer, Florian"]
[Black "Mendonca, Leon Luke"]
[WhiteFideId "811688"]
[BlackFideId "35028561"]
[WhiteElo "2221"]
[BlackElo "2464"]
[Result "0-1"]
[Round "10"]
[TimeControl "180+2"]
[Date "2023.03.14"]
[WhiteClock "0:00:17"]
[BlackClock "0:01:09"]

1. d4 d5 2. Nf3 a6 3. Bf4 Nf6 4. e3 Bg4 5. Be2 e6 6. O-O c5 7. c3 Nc6 8. Nbd2 Bd6 9. Ne5 Bxe2 10. Qxe2 Bxe5 11. Bxe5 Nxe5 12. dxe5 Nd7 13. f4 O-O 14. e4 Qb6 15. Rab1 Rfe8 16. Kh1 Rad8 17. exd5 exd5 18. Qf3 Qc6 19. Rbd1 Nf8 20. c4 Ne6 21. b3 h6 22. h3 Rd7 23. cxd5 Rxd5 24. Nc4 Rxd1 25. Qxd1 Nd4 26. Nd6 Re7 27. Qd3 b5 28. Rf2 Qd5 29. Nf5 Rd7 30. Nxd4 Qxd4 31. Qxd4 Rxd4 32. Rc2 c4 33. bxc4 bxc4 34. g3 Kf8 35. Kg2 Ke7 36. Kf2 Ke6 37. Ke2 Kd5 38. Rd2 h5 39. Rxd4+ Kxd4 40. g4 hxg4 41. hxg4 Ke4 42. f5 Kxe5 43. Kd2 Kd4 44. Kc2 c3 45. a3 Kc4 46. g5 f6 47. gxf6 gxf6 48. Kc1 Kb3 49. Kb1 Kxa3 50. Kc2 Kb4 51. Kd3 Kb3 52. Ke4 c2 53. Kd5 c1=Q 54. Ke6 Qc3 55. Kf7 Qe5 56. Kg6 a5 0-1


[Site "https://www.chess.com"]

[Event "Titled Tuesday Blitz March 14 Late 2023"]
[White "Ashraf, Artin"]
[Black "Karas, Marek"]
[WhiteFideId "22514805"]
[BlackFideId "14928558"]
[WhiteElo "2188"]
[BlackElo "2233"]
[Result "1-0"]
[Round "10"]
[TimeControl "180+2"]
[Date "2023.03.14"]
[WhiteClock "0:00:09"]
[BlackClock "0:00:02"]

1. Nf3 Nf6 2. c4 e6 3. Nc3 d5 4. d4 c5 5. cxd5 Nxd5 6. e4 Nxc3 7. bxc3 cxd4 8. cxd4 Bb4+ 9. Bd2 Bxd2+ 10. Qxd2 O-O 11. Bc4 Nd7 12. O-O b6 13. d5 Nc5 14. Qd4 Bb7 15. Rad1 exd5 16. Bxd5 Bxd5 17. exd5 Qd6 18. Ne5 Rfe8 19. Rfe1 h6 20. Nc6 a5 21. a4 Rac8 22. Na7 Ra8 23. Nb5 Qd7 24. d6 Rxe1+ 25. Rxe1 Re8 26. Rxe8+ Qxe8 27. h3 Nd7 28. Qc3 Nc5 29. Qd4 Nd7 30. Nc7 Qe1+ 31. Kh2 Qe5+ 32. Qxe5 Nxe5 33. Kg3 g5 34. f4 Nd7 35. fxg5 hxg5 36. Kg4 f6 37. Kf5 Kf7 38. Nd5 b5 39. axb5 a4 40. Nc3 a3 41. g3 Nb6 42. h4 gxh4 43. gxh4 Nc4 44. d7 Nd6+ 45. Kf4 Ke7 46. h5 Nxb5 47. h6 Nxc3 48. d8=Q+ Kxd8 49. h7 Nd5+ 50. Kf3 Kd7 51. h8=Q Ke6 52. Qa8 Ke5 53. Qxa3 Ke6 54. Qb2 Ne7 55. Ke4 Ng6 56. Qb6+ Kf7 57. Qb7+ Ke6 58. Qd5+ Ke7 59. Kf5 Nf8 60. Qb7+ 1-0


[Site "https://www.chess.com"]

[Event "Titled Tuesday Blitz March 14 Late 2023"]
[White "Golubka, Petro"]
[Black "Urbina Perez, Juan Antonio"]
[WhiteFideId "14114224"]
[BlackFideId "2217368"]
[WhiteElo "2391"]
[BlackElo "2197"]
[Result "1-0"]
[Round "10"]
[TimeControl "180+2"]
[Date "2023.03.14"]
[WhiteClock "0:00:22"]
[BlackClock "0:00:13"]

1. e4 e5 2. Nf3 Nc6 3. Bb5 a6 4. Ba4 Nf6 5. Bxc6 dxc6 6. d3 Bd6 7. Qe2 Bg4 8. Nc3 Nd7 9. h3 Bh5 10. g4 Bg6 11. Be3 Qe7 12. O-O-O O-O-O 13. Kb1 f6 14. Nh4 Bc5 15. Nf5 Qf7 16. d4 Bxf5 17. gxf5 exd4 18. Bxd4 Bxd4 19. Rxd4 Ne5 20. Rxd8+ Rxd8 21. b3 g5 22. fxg6 Nxg6 23. h4 Qe6 24. h5 Nf4 25. Qe3 Qe5 26. Rg1 Nxh5 27. Ne2 Kb8 28. f4 Qb5 29. Rh1 Ng7 30. f5 Ne8 31. Rxh7 Nd6 32. Nc3 Qb6 33. Qxb6 cxb6 34. Re7 Re8 35. Rxe8+ Nxe8 36. Kc1 Kc7 37. Kd2 Kd6 38. Ke3 Ke5 39. Nd1 Nd6 40. Nf2 Nb5 41. Ng4+ Kd6 42. Nxf6 Nc3 43. Kf4 Ne2+ 44. Ke3 Nc3 45. a4 b5 46. a5 c5 47. Ng4 Nd1+ 48. Kf4 c4 49. e5+ Ke7 50. bxc4 Nc3 51. e6 bxc4 52. Ke5 Nb5 53. f6+ Ke8 54. f7+ Ke7 55. Nf6 Nd6 56. Nd5+ Kd8 57. Kxd6 1-0


[Site "https://www.chess.com"]

[Event "Titled Tuesday Blitz March 14 Late 2023"]
[White "Munoz, Francisco Javier"]
[Black "Preotu, Razvan"]
[WhiteFideId "128368"]
[BlackFideId "2613280"]
[WhiteElo "2383"]
[BlackElo "2407"]
[Result "0-1"]
[Round "10"]
[TimeControl "180+2"]
[Date "2023.03.14"]
[WhiteClock "0:00:06"]
[BlackClock "0:00:08"]

1. e4 c5 2. Nc3 d6 3. f4 g6 4. Nf3 Bg7 5. Bb5+ Bd7 6. Bxd7+ Qxd7 7. O-O Nc6 8. d3 f5 9. exf5 gxf5 10. Nd5 e6 11. Re1 O-O-O 12. Ne3 Nf6 13. Rb1 h5 14. a3 h4 15. b4 h3 16. g3 Nd5 17. Nxd5 exd5 18. Bd2 Rde8 19. c3 c4 20. Qc2 Kb8 21. Qa2 Qf7 22. Ng5 Qh5 23. dxc4 d4 24. Qc2 Bf6 25. Qxf5 Bxg5 26. fxg5 Ne5 27. Rf1 Qe2 28. Rf2 Qxc4 29. Rc1 Nd3 30. Rcf1 dxc3 31. Bf4 c2 32. Bxd6+ Ka8 33. Rf3 c1=Q 34. Qxd3 Qxd3 35. Rxd3 Qxg5 36. Bf4 Qg6 37. Rfd1 Qc6 38. Rd5 a6 39. a4 Qc2 40. R5d2 Qe4 41. b5 Rhg8 42. bxa6 Qxf4 43. axb7+ Kb8 44. Rd8+ Rxd8 45. Rxd8+ Rxd8 46. gxf4 Rd2 47. f5 Kxb7 48. f6 Rg2+ 49. Kf1 Rg6 50. f7 Rf6+ 51. Ke2 Rxf7 52. Ke3 Ka6 0-1


[Site "https://www.chess.com"]

[Event "Titled Tuesday Blitz March 14 Late 2023"]
[White "Petukhov, Dmitry"]
[Black "Fus, Jakub"]
[WhiteFideId "4142748"]
[BlackFideId "1193023"]
[WhiteElo "2311"]
[BlackElo "2335"]
[Result "0-1"]
[Round "10"]
[TimeControl "180+2"]
[Date "2023.03.14"]
[WhiteClock "0:01:44"]
[BlackClock "0:01:40"]

1. e4 c6 2. d4 d5 3. Nd2 dxe4 4. Nxe4 Nf6 5. Nxf6+ exf6 6. c3 Bd6 7. Bd3 O-O 8. Qh5 Re8+ 9. Ne2 g6 10. Qh4 Nd7 11. O-O Nf8 12. Re1 Bd7 13. Bf4 g5 14. Qg3 Rxe2 15. Bxd6 Rxe1+ 16. Rxe1 Be6 17. b3 Ng6 18. Ba3 Qa5 19. Bb4 Qxa2 20. Bxg6 hxg6 21. h4 Qd2 22. Re3 Kg7 23. hxg5 Qd1+ 0-1


[Site "https://www.chess.com"]

[Event "Titled Tuesday Blitz March 14 Late 2023"]
[White "Sanchez Alvares, Kelvin Antonio"]
[Black "Fiorito, Francisco"]
[WhiteFideId "3906680"]
[BlackFideId "180165"]
[WhiteElo "2217"]
[BlackElo "2341"]
[Result "1-0"]
[Round "10"]
[TimeControl "180+2"]
[Date "2023.03.14"]
[WhiteClock "0:01:17"]
[BlackClock "0:00:01"]

1. e4 c5 2. Nf3 Nc6 3. d4 cxd4 4. Nxd4 g6 5. c4 Nf6 6. Nc3 d6 7. f3 Nxd4 8. Qxd4 Bg7 9. Be3 O-O 10. Qd2 a5 11. Be2 a4 12. Rc1 Be6 13. Nb5 Qd7 14. O-O Rfc8 15. Rfd1 Qd8 16. Bd4 Nd7 17. Bxg7 Kxg7 18. Qd4+ Kg8 19. f4 Qb6 20. Kf2 Qxd4+ 21. Nxd4 Nc5 22. Ke3 Bd7 23. h4 e5 24. fxe5 dxe5 25. Nb5 Bxb5 26. cxb5 Ne6 27. Bc4 Nd4 28. Bd5 Nxb5 29. Bxb7 Rxc1 30. Rxc1 Ra7 31. Rc8+ Kg7 32. Bd5 Nd4 33. Ra8 Rc7 34. Rxa4 Rc2 35. Rb4 Rxg2 36. Rb7 Rg3+ 37. Kf2 Rf3+ 38. Kg2 h5 39. a4 Rf4 40. a5 Rg4+ 41. Kf2 Rf4+ 42. Ke3 Rf3+ 43. Kd2 Rf2+ 44. Ke1 Rh2 45. a6 Rh1+ 46. Kf2 1-0


[Site "https://www.chess.com"]

[Event "Titled Tuesday Blitz March 14 Late 2023"]
[White "Weetik, Vjacheslav"]
[Black "Omelja, Artem"]
[WhiteFideId "4153472"]
[BlackFideId "14119846"]
[WhiteElo "2469"]
[BlackElo "2404"]
[Result "0-1"]
[Round "10"]
[TimeControl "180+2"]
[Date "2023.03.14"]
[WhiteClock "0:00:02"]
[BlackClock "0:00:18"]

1. c4 Nf6 2. Nc3 e5 3. Nf3 Nc6 4. g3 Bb4 5. Nd5 Bd6 6. Bg2 O-O 7. O-O Re8 8. d3 h6 9. e4 Bc5 10. Be3 d6 11. h3 Be6 12. d4 exd4 13. Nxd4 Bxd5 14. cxd5 Nxd4 15. Bxd4 Nxe4 16. Bxc5 Nxc5 17. b4 Ne4 18. Rc1 Qd7 19. Qd4 Nf6 20. Rc2 Re7 21. Rfc1 a6 22. Kh2 Rae8 23. Qa7 Qc8 24. a4 h5 25. b5 axb5 26. axb5 Re2 27. Rxe2 Rxe2 28. b6 Re7 29. Qa5 Ne8 30. h4 Qd8 31. bxc7 Rxc7 32. Re1 Nf6 33. Qb6 Rd7 34. Qb5 Re7 0-1


[Site "https://www.chess.com"]

[Event "Titled Tuesday Blitz March 14 Late 2023"]
[White "Klose, Eli"]
[Black "Jovic, Stanoje"]
[WhiteFideId "16242955"]
[BlackFideId "905020"]
[WhiteElo "2615"]
[BlackElo "2236"]
[Result "1-0"]
[Round "10"]
[TimeControl "180+2"]
[Date "2023.03.14"]
[WhiteClock "0:01:45"]
[BlackClock "0:00:03"]

1. e4 c6 2. Nc3 d5 3. d4 dxe4 4. Nxe4 Nf6 5. Nxf6+ exf6 6. Nf3 Bd6 7. Bd3 O-O 8. Be3 Re8 9. Qd2 Bg4 10. O-O-O Bxf3 11. gxf3 b5 12. Rdg1 Nd7 13. h4 Nb6 14. Bh6 g6 15. h5 g5 16. f4 Nd5 17. fxg5 f5 18. g6 hxg6 19. hxg6 f6 20. Bxf5 Qc7 21. g7 Nf4 22. Bh7+ Kf7 23. g8=Q+ Rxg8 24. Bxg8+ Rxg8 25. Rxg8 Kxg8 26. Rg1+ Kf7 27. Rg7+ 1-0


[Site "https://www.chess.com"]

[Event "Titled Tuesday Blitz March 14 Late 2023"]
[White "Popov, Mikhail"]
[Black "Fishbein, Alexander"]
[WhiteFideId "4146182"]
[BlackFideId "2000377"]
[WhiteElo "2270"]
[BlackElo "2415"]
[Result "1/2-1/2"]
[Round "10"]
[TimeControl "180+2"]
[Date "2023.03.14"]
[WhiteClock "0:00:14"]
[BlackClock "0:00:11"]

1. e4 c5 2. b3 Nc6 3. Bb2 Nf6 4. Nc3 d5 5. exd5 Nxd5 6. Nf3 Nxc3 7. Bxc3 Bg4 8. h3 Bh5 9. Bb5 Qc7 10. Qe2 O-O-O 11. O-O-O e6 12. g4 Bg6 13. Bxc6 Qxc6 14. Ne5 Qd5 15. f4 f6 16. Nxg6 hxg6 17. Rde1 Bd6 18. Qe3 Rde8 19. h4 e5 20. f5 gxf5 21. gxf5 Rh5 22. Qh3 Reh8 23. Qg4 R8h7 24. Qa4 Qc6 25. Qc4 Qd7 26. Reg1 Kc7 27. Qg8 Rh8 28. Qxg7 Qxg7 29. Rxg7+ Kc6 30. Rg6 Rxf5 31. h5 Kd5 32. h6 Ke6 33. Rg7 Bf8 34. Rxb7 Rxh6 35. Rg1 Rg5 36. Re1 Rg7 37. Rb8 Bd6 38. Re8+ Re7 39. Rd8 Rd7 40. Re8+ Kf7 41. Ra8 Rg6 42. Rh1 Rg7 43. a4 f5 44. Re1 Ke6 45. Re8+ Rde7 46. Rf8 Rgf7 47. Rh8 f4 48. Rh6+ Kd7 49. d3 Re6 50. Rh3 Kc6 51. Rf1 Kd5 52. Bd2 e4 53. dxe4+ Rxe4 54. Rh5+ Re5 55. Rh6 Ref5 56. Rf3 Ke4 57. Rhh3 Be5 58. c3 Kd5 59. Kc2 Ke6 60. Kd3 Bd6 61. Kc2 Rd5 62. Bc1 Rg5 63. Rh4 Rg3 64. Rf2 f3 65. Be3 Rg2 66. Rxg2 fxg2 67. Rg4 Bf4 68. Bxf4 Rxf4 69. Rxg2 Rf3 70. Rg7 Rf2+ 71. Kd3 Kd5 72. Rg5+ Kc6 73. Rg6+ Kd5 74. Rg5+ Kc6 75. Rg6+ Kd5 76. Rg7 Rf3+ 77. Kd2 Rf2+ 78. Ke3 Rc2 79. Kd3 Rf2 80. Rxa7 Kc6 81. Re7 Rf3+ 82. Re3 Rf1 83. Kc4 Rf4+ 84. Kd3 c4+ 85. bxc4 Kc5 86. Re5+ Kc6 87. c5 Rxa4 88. Re4 Rxe4 89. Kxe4 Kxc5 90. Kd3 Kd5 91. c4+ Kc5 92. Kc3 Kc6 93. Kd4 Kd6 94. c5+ Kc6 95. Kc4 Kc7 96. Kd5 Kd7 97. c6+ Kc7 98. Kc5 Kc8 99. Kb5 Kc7 100. Kc5 Kc8 101. Kd4 Kc7 102. Kd5 Kc8 103. Kd6 Kd8 104. c7+ Kc8 105. Kc6 1/2-1/2


[Site "https://www.chess.com"]

[Event "Titled Tuesday Blitz March 14 Late 2023"]
[White "Nazaretyan, Tigran"]
[Black "Blanco Acevedo, Cristobal Jose"]
[WhiteFideId "24162345"]
[BlackFideId "3900525"]
[WhiteElo "2111"]
[BlackElo "2278"]
[Result "1-0"]
[Round "10"]
[TimeControl "180+2"]
[Date "2023.03.14"]
[WhiteClock "0:00:29"]
[BlackClock "0:00:11"]

1. d4 d5 2. c3 Nc6 3. Nf3 Nf6 4. Bf4 e6 5. h3 Bd6 6. e3 O-O 7. Nbd2 Ne7 8. Bd3 Ng6 9. Bxg6 hxg6 10. Ne5 Nd7 11. Ndf3 Nxe5 12. Nxe5 g5 13. Bg3 Qe8 14. Qh5 c6 15. h4 f6 16. Ng6 Bxg3 17. fxg3 g4 18. Qh8+ Kf7 19. Nxf8 Qxf8 20. Qh5+ Ke7 21. Qxg4 e5 22. Qf3 e4 23. Qf4 Qd8 24. O-O Be6 25. g4 Qh8 26. g5 Rd8 27. gxf6+ gxf6 28. Rf2 Rg8 29. Raf1 Rg6 30. Qc7+ Bd7 31. Qxb7 Qxh4 32. Qb4+ Ke6 33. Qf8 Rh6 34. Qg8+ Ke7 35. Qg7+ Ke6 36. Rf4 Qh1+ 37. Kf2 Qh5 38. Ke1 Qg5 39. Rxf6+ Qxf6 40. Rxf6+ Rxf6 41. Qg8+ Kd6 42. g4 Rf3 43. Kd2 Rf2+ 44. Kc1 Rf3 45. Qg6+ Be6 46. Qg5 Rf1+ 47. Kc2 Rg1 48. Qe5+ Kd7 49. g5 Rf1 50. g6 Rg1 51. Qg7+ Kd6 52. Qf8+ Kd7 53. g7 Rg2+ 54. Kb3 a5 55. Ka4 Rxb2 56. Kxa5 Rxa2+ 57. Kb6 Rb2+ 58. Ka5 Ra2+ 59. Kb4 Rb2+ 60. Ka3 Rg2 61. Kb3 Rg3 62. Kb4 Rxe3 63. g8=Q Bxg8 64. Qxg8 Rd3 65. Qf7+ Kd6 66. Qf6+ Kd7 67. Qf5+ Kd6 68. Qe5+ Kd7 69. Kb3 e3 70. Qf5+ Kd6 71. Qxd3 1-0


[Site "https://www.chess.com"]

[Event "Titled Tuesday Blitz March 14 Late 2023"]
[White "Romkachess"]
[Black "Dinu, Dumitru-Daniel"]
[BlackFideId "1208403"]
[WhiteElo "2559"]
[BlackElo "2240"]
[Result "1-0"]
[Round "10"]
[TimeControl "180+2"]
[Date "2023.03.14"]
[WhiteClock "0:01:32"]
[BlackClock "0:01:03"]

1. e4 c5 2. Nf3 e6 3. d4 cxd4 4. Nxd4 Nc6 5. Nxc6 bxc6 6. Bd3 d5 7. O-O Nf6 8. exd5 cxd5 9. c4 Be7 10. Nc3 O-O 11. Bg5 Bb7 12. cxd5 Nxd5 13. Bxe7 Qxe7 14. Nxd5 Bxd5 15. Re1 Rfd8 16. Qe2 Qg5 17. Be4 Rac8 18. Bxd5 Rxd5 19. Rad1 Rcd8 20. h3 h6 21. Rxd5 Qxd5 22. b3 Qa5 23. Rc1 Rd2 24. Rc8+ Kh7 25. Qe4+ g6 26. Qf4 Rd7 27. Qf6 1-0


[Site "https://www.chess.com"]